 Dungeon Crawl Stone Soup version 0.30-a0-618-gd6c86c23d0 (webtiles) character file.

Game seed: 8483488218960329416

695 drugrobin the Insei (level 7, 0/56 HPs)
             Began as a Demigod Delver on Jan 10, 2023.
             Slain by a centaur
             ... wielding a +0 mace
              (2 damage)
             ... on level 5 of the Dungeon.
             The game lasted 00:16:09 (5157 turns).

drugrobin the Insei (Demigod Delver)                Turns: 5157, Time: 00:16:10

Health: 0/56       AC:  7    Str: 17    XL:     7   Next: 14%
Magic:  12/13      EV: 12    Int: 12    God:
Gold:   143        SH:  0    Dex: 19    Spells: 7/10 levels left

rFire   + . .      SeeInvis .      - Unarmed
rCold   . . .      Faith    .    (no shield)
rNeg    . . .      Spirit   .    a - +0 leather armour
rPois   .          Reflect  .    u - +1 helmet
rElec   .          Harm     .    (no cloak)
rCorr   .          Rampage  .    o - +0 pair of gloves
Will    .....                    l - +0 pair of boots
Stlth   +++                      v - amulet of the acrobat
HPRegen 0.29/turn                w - ring of protection from fire
MPRegen 0.13/turn                (no ring)

@: no status effects
A: high MP 1, forlorn, divine attributes
a: no special abilities


You were on level 5 of the Dungeon.
You visited 1 branch of the dungeon, and saw 5 of its levels.

You collected 248 gold pieces.
You spent 105 gold pieces at shops.

Inventory:

Hand Weapons
 b - a +0 trident
Missiles
 m - 2 boomerangs of dispersal (quivered)
 t - a curare-tipped dart
 y - 4 javelins
Armour
 a - a +0 leather armour (worn)
 j - a +0 scale mail
 l - a +0 pair of boots (worn)
 o - a +0 pair of gloves (worn)
 u - a +1 helmet (worn)
Magical Staves
 e - a staff of death
Jewellery
 v - an amulet of the acrobat (around neck)
 w - a ring of protection from fire (left hand)
Wands
 f - a wand of digging (1)
Scrolls
 c - a scroll of enchant armour {unknown}
 g - a scroll of fog
 i - a scroll of butterflies {unknown}
 k - 2 scrolls of identify {unknown}
 q - a scroll of immolation {unknown}
 s - 2 scrolls of teleportation {unknown}
 x - a scroll of silence {unknown}
 B - 2 scrolls of acquirement {unknown}
Potions
 d - a potion of magic {unknown}
 h - 2 potions of might {unknown}
 n - a potion of flight {unknown}
 p - a potion of invisibility {unknown}
 r - a potion of lignification {unknown}
 z - 2 potions of curing {unknown}
 A - a potion of ambrosia {unknown}
 C - a potion of attraction


   Skills:
 - Level 2.8 Fighting
 - Level 2.0 Dodging
 - Level 4.6 Stealth
 + Level 7.0 Unarmed Combat
 - Level 2.0 Spellcasting


You had 7 spell levels left.
You knew the following spells:

 Your Spells              Type           Power      Damage    Failure   Level
a - Blink                 Tloc           2%         N/A       45%         2
b - Sting                 Tmut/Pois      4%         1d3       32%         1

Your spell library contained the following spells:

 Spells                   Type           Power      Damage    Failure   Level
 Kiss of Death            Conj/Necr      4%         2d5       32%         1
 Momentum Strike          Conj/Tloc      2%         3d8       45%         2
 Poisonous Vapours        Pois/Air       2%         N/A       45%         2
 Confusing Touch          Hex            1%         N/A       69%         3
 Frozen Ramparts          Ice            2%         1d1       69%         3
 Lesser Beckoning         Tloc           2%         N/A       69%         3
 Stone Arrow              Conj/Erth      2%         3d7       69%         3
 Animate Armour           Summ/Erth      2%         N/A       97%         4
 Dispel Undead            Necr           1%         3d6       97%         4
 Ice Form                 Ice/Tmut       1%         N/A       97%         4
 Olgreb's Toxic Radiance  Pois           1%         N/A       97%         4
 Summon Ice Beast         Ice/Summ       1%         N/A       97%         4
 Lehudib's Crystal Spear  Conj/Erth      0%         10d2      100%        8


Dungeon Overview and Level Annotations

Branches:
Dungeon (5/15)
 Temple: D:4-7

Shops:
D:1 *   D:4 [   D:5 (

Annotations:
D:4 1 runed translucent door, Crazy Yiuf
D:5 exclusion: black bear


Innate Abilities, Weirdness & Mutations

You have an increased reservoir of magic. (+10% MP)
You shall have no god before yourself.
Your divine heritage dramatically boosts your attributes as you level up.


Message History

The necrophage is heavily damaged.
The necrophage barely misses you.
You barely miss the necrophage.
The necrophage is heavily damaged.
The necrophage barely misses you.
You hit the necrophage.
The necrophage is severely damaged.
The necrophage barely misses you.
You hit the necrophage but do no damage.
The necrophage is severely damaged.
The necrophage closely misses you.
You barely miss the necrophage.
The necrophage is severely damaged.
You hit the necrophage.
The necrophage is severely damaged.
The necrophage closely misses you.
You punch the necrophage!
You destroy the necrophage!
The centaur shoots an arrow.
The arrow completely misses you.
The centaur shoots an arrow.
The arrow hits you.
Your Unarmed Combat skill increases to level 7!
The centaur unwields a +0 shortbow.
The centaur wields a +0 mace.
The centaur completely misses you. x2
You see here a necrophage corpse.
You punch the centaur!
The centaur is severely wounded.
The centaur hits you with a +0 mace!
The centaur kicks you but does no damage.
You hit the centaur.
The centaur is severely wounded.
The centaur closely misses you. The centaur barely misses you.
You barely miss the centaur.
The centaur is almost dead.
The centaur hits you with a +0 mace!
* * * LOW HITPOINT WARNING * * *
The centaur kicks you but does no damage.
The centaur hits you with a +0 mace.
* * * LOW HITPOINT WARNING * * *
The centaur kicks you.
You die...

,,,,,,,..c.....## ***#.
*,,,,,,.........# ****,,..
*,*,,,,.......#.## **###>,,,,##
**,,,,,......##..#####....,*****
*,,,,,......*##†#......#***
**,,,,,.....,* #.......#*
*,,,,,,.....** #..######
*,,,,,,....,* #c## ##
,,,,,,,....,* #@# ##.
*,,,,,******* ##.# ###.. *,,****
#..# ##...# **,,** #..# ##....#
**,,** #.## #...... **,,** ##.#
##...... **,,** #..# ##.......
**,,** #..# #........ *,,,**
#..# ##........


You could see a centaur (poisoned).

Vanquished Creatures
  Edmund (D:4)
  A black bear (D:5)
  An ogre (D:4)
  A scorpion (D:5)
  A necrophage (D:5)
  An orc priest (D:3)
  2 iguanas
  Robin (D:3)
  A gnoll (D:1)
  7 adders
  3 worms (D:2)
  3 dart slugs
  5 orcs
  10 ball pythons
  4 bats
  8 endoplasms
  2 giant cockroaches (D:3)
  7 hobgoblins
  5 jackals (D:2)
  5 kobolds
  5 quokkas
  4 frilled lizards
  12 goblins
  7 rats
97 creatures vanquished.

Vanquished Creatures (others)
  A plant (D:4)
1 creature vanquished.

Grand Total: 98 creatures vanquished

Notes
Turn   | Place    | Note
-------+----------+-------------------------------------------
     0 | D:5      | drugrobin the Demigod Delver began the quest for the Orb.
     0 | D:5      | Reached XP level 1. HP: 18/18 MP: 3/3
    13 | D:5      | Noticed a black bear
    28 | D:5      | Noticed a necrophage
    57 | D:5      | Noticed an ogre
    71 | D:5      | Found Quath's Weapon Boutique.
   176 | D:4      | Noticed Edmund
   304 | D:4      | Reached skill level 2 in Unarmed Combat
   524 | D:4      | Reached XP level 2. HP: 25/25 MP: 4/4
   644 | D:2      | HP: 1/25 [quokka (2)]
   810 | D:2      | Reached XP level 3. HP: 18/30 MP: 5/5
   909 | D:2      | Reached skill level 3 in Unarmed Combat
  1098 | D:2      | Learned a level 2 spell: Blink
  1792 | D:1      | Found Cika Ici's Assorted Antiques.
  1810 | D:1      | Bought a dented brass amulet for 105 gold pieces
  2036 | D:1      | Reached XP level 4. HP: 37/37 MP: 7/7
  2147 | D:1      | Learned a level 1 spell: Sting
  2723 | D:3      | Reached skill level 1 in Spellcasting
  2888 | D:3      | Reached skill level 4 in Unarmed Combat
  3648 | D:4      | Found Daoxt's Antique Armour Shop.
  3660 | D:4      | Reached XP level 5. HP: 44/44 MP: 10/10
  3715 | D:4      | Noticed Robin
  3769 | D:3      | Killed Robin
  3880 | D:4      | Killed Edmund
  3881 | D:4      | Reached skill level 5 in Unarmed Combat
  3881 | D:4      | Reached XP level 6. HP: 36/50 MP: 11/11
  4159 | D:4      | Found a runed translucent door.
  4160 | D:4      | Noticed Crazy Yiuf
  4782 | D:5      | Reached skill level 6 in Unarmed Combat
  5045 | D:5      | Reached XP level 7. HP: 44/56 MP: 10/13
  5154 | D:5      | Reached skill level 7 in Unarmed Combat
  5157 | D:5      | HP: 2/56 [centaur/+0 mace (6)]
  5157 | D:5      | Slain by a centaur

Illustrated notes

Levels and vault maps discovered:
D:1:      spicycebolla_arrival_ecumenical, layout_basic, serial_shops,
          shop_fountains, minmay_misc_feat_enclosed, minmay_hexomino_r4
D:2:      layout_loops_ring
D:3:      layout_rooms, mainiacjoe_overflow_alcove_4, overflow_temple_1_default
D:4:      layout_layer_cave, nicolae_uskayaw_murder_on_the_dancefloor,
          serial_shops, nicolae_shop_overgrown_old_shop,
          uniq_crazy_yiuf_cottage, uniq_robin, uniq_edmund
D:5:      layout_cave_pods, lemuel_mausoleum_altar_kikubaaqudgha, serial_shops,
          nicolae_square_shop, minmay_shop_grid_forest

Skill      XL: |  1  2  3  4  5  6  7 |
---------------+----------------------+-----
Dodging        | 2 |  2.0
Unarmed Combat | 2 3 4 5 6 7 |  7.0
Spellcasting   | 1 2 |  2.0
Fighting       | |  2.8
Stealth        | |  4.6

Action                   |  1- 3 |  4- 6 |  7- 9 || total
-------------------------+-------+-------+-------++-------
Melee: Trident           |    65 |    21 |       ||    86
       Unarmed           |   109 |   132 |    22 ||   263
       Punch             |     4 |     3 |     1 ||     8
Throw: Javelin           |       |     9 |       ||     9
       Dart              |       |     4 |       ||     4
 Cast: Sting             |       |    27 |     3 ||    30
Evoke: Wand              |     2 |       |       ||     2
  Use: Scroll            |     2 |     1 |       ||     3
       Potion            |     2 |       |       ||     2
 Stab: Sleeping          |     8 |     2 |       ||    10
Armor: Leather armour    |    40 |    41 |    10 ||    91
Dodge: Dodged            |   102 |    95 |    20 ||   217

Table legend: (Time is in decaauts)
 A = Elapsed time spent in this place.
 B = Non-inter-level travel time spent in this place.
 C = Inter-level travel time spent in this place.
 D = Time resting spent in this place.
 E = Time spent auto-exploring this place.
 F = Levels seen in this place.
 G = Mean time per level.
                   A        B        C        D        E       F      G
               +--------+--------+--------+--------+--------+-----+--------+
         Total |   5139 |   4862 |    277 |    617 |   2551 |   5 | 1027.8 |
       Dungeon |   5139 |   4862 |    277 |    617 |   2551 |   5 | 1027.8 |
               +--------+--------+--------+--------+--------+-----+--------+

Top non-repeatable levels by time:
     D:4: 1613 daAuts
     D:2: 1152 daAuts
     D:3: 1053 daAuts
     D:1: 792 daAuts
     D:5: 527 daAuts
